 Dungeon Crawl Stone Soup version 0.28-a0-1241-gf280a0fbb2 (webtiles) character file.

Game seed: 1745896717792488874

174419 Lavandula the Brawler (level 16, -9/100 (127) HPs)
             Began as a Formicid Transmuter on Dec 26, 2021.
             Was a High Priest of Ru.
             Mangled by makewrite's ghost (18 damage)
             ... on level 1 of the Spider Nest.
             The game lasted 01:39:54 (34835 turns).

Lavandula the Brawler (Formicid Transmuter)        Turns: 34835, Time: 01:39:56

HP:   -9/100 (127)  AC: 16    Str: 19    XL:     16   Next: 41%
MP:   12/30         EV: 12    Int: 16    God:    Ru [*****.]
Gold: 3021          SH:  0    Dex:  9    Spells: 0/35 levels left

rFire   . . .      SeeInvis +     - Unarmed
rCold   . . .      Faith    .   (no shield)
rNeg    . . .      Spirit   .   N - +0 troll leather armour
rPois   .          Reflect  .   (helmet unavailable)
rElec   .          Harm     .   u - +0 cloak
rCorr   .          Rampage  .   O - +3 Mad Mage's Maulers {Infuse+∞ RegenMP Int-3}
Will    +....      Clarity  +   b - +2 pair of boots
Stlth   +.........              e - amulet of Vitality {Regen+ HP+15}
HPRegen 1.86/turn               y - ring of wizardry
MPRegen 0.62/turn               x - +4 ring of protection

@: exhausted, wereblooded, heavily drained
A: permanent stasis, dig shafts and tunnels, antennae 3, inability to train
armour, unskilled 2, inexperienced 1, four strong arms, clarity, clever 1,
clumsy 1, screaming 1
}: 1/15 runes: barnacled
a: Dig, Shaft Self, Renounce Religion, Draw Out Power, Power Leap, Apocalypse


You were on level 1 of the Spider Nest.
You worshipped Ru.
Ru was extremely pleased with you.
You visited 6 branches of the dungeon, and saw 27 of its levels.
You also visited: Bailey and Gauntlet.

You collected 4526 gold pieces.
You spent 1505 gold pieces at shops.

Inventory:

Missiles
 t - 4 curare-tipped darts
 L - 13 throwing nets (quivered)
 S - 11 silver javelins
Armour
 b - a +2 pair of boots (worn)
 i - the +1 pair of gloves "Sacifraa" {+Inv rN+ Regen+ Dex-5}
   (You found it on level 2 of the Lair of Beasts)

   Dex:       It affects your dexterity (-5).
   rN:        It protects you from negative energy.
   +Inv:      It lets you turn invisible.
   Regen:     It increases your rate of health regeneration.
 u - a +0 cloak (worn)
 z - a +2 kite shield
 F - a scarf of resistance
 N - a +0 troll leather armour (worn)
 O - the +3 Mad Mage's Maulers (worn) {Infuse+∞ RegenMP Int-3}
   (You found it in a Gauntlet)

   It empowers its wearer's blows with all of their magic.
   It causes its wearer's magical reserves to regenerate more quickly.
   Int:       It affects your intelligence (-3).
 R - a scarf of shadows
Jewellery
 a - a ring of fire
 e - the amulet of Vitality (around neck) {Regen+ HP+15}
   (You bought it in a shop on level 2 of the Orcish Mines)

   [amulet of regeneration]

   HP:        It affects your health (+15).
   Regen:     It increases your rate of health regeneration.
 p - a ring of positive energy
 q - a ring of protection from cold
 x - a +4 ring of protection (right hand)
 y - a ring of wizardry (left hand)
 Z - a ring of protection from fire
Wands
 d - a wand of flame (20)
 m - a wand of digging (5)
 o - a wand of acid (15)
 r - a wand of charming (1)
 A - a wand of paralysis (16)
 C - a wand of mindburst (19)
 J - a wand of iceblast (30)
 K - a wand of polymorph (8)
Scrolls
 g - 2 scrolls of amnesia
 k - a scroll of brand weapon
 n - 9 scrolls of immolation
 s - a scroll of fear
 E - a scroll of holy word
 G - 5 scrolls of fog
 W - 3 scrolls of torment
 X - 2 scrolls of summoning
 Y - 2 scrolls of vulnerability
Potions
 c - 4 potions of curing
 f - a potion of attraction
 h - a potion of ambrosia
 j - a potion of invisibility {unknown}
 v - 3 potions of cancellation
 w - 3 potions of flight
 B - 2 potions of resistance {unknown}
 D - 3 potions of mutation
 I - 2 potions of magic {unknown}
 P - 4 potions of berserk rage {unknown}
 Q - a potion of might {unknown}
 T - 2 potions of lignification {unknown}
 U - 3 potions of brilliance {unknown}
 V - 4 potions of haste {unknown}
Miscellaneous
 l - a phantom mirror
 H - a condenser vane
 M - a tin of tremorstones (2/2)


   Skills:
 - Level 6.2 Fighting
 - Level 4.3 Dodging
 - Level 16.0 Unarmed Combat
 - Level 10.0 Spellcasting
 - Level 8.0 Summonings
 - Level 9.4 Necromancy
 - Level 11.2 Transmutations
 - Level 3.2 Ice Magic
 + Level 4.1 Air Magic
 - Level 6.0 Poison Magic
 - Level 4.1 Evocations


You couldn't memorise any spells.
You knew the following spells:

 Your Spells              Type           Power      Damage    Failure   Level
a - Beastly Appendage     Tmut           88%        N/A       1%          1
b - Wereblood             Tmut           44%        N/A       1%          2
c - Spider Form           Tmut/Pois      35%        N/A       1%          3
d - Ice Form              Ice/Tmut       31%        N/A       2%          4
e - Death Channel         Necr           19%        N/A       14%         6
f - Summon Cactus Giant   Summ           16%        N/A       24%         6
g - Eringya's Noxious Bo  Tmut/Pois      17%        N/A       19%         6
h - Storm Form            Tmut/Air       16%        N/A       80%         7

Your spell library contained the following spells:

 Spells                   Type           Power      Damage    Failure   Level
 Animate Skeleton         Necr           76%        N/A       1%          1
 Pain                     Necr           100%       1d9       1%          1
 Corpse Rot               Necr/Air       58%        N/A       1%          2
 Passwall                 Tmut/Erth      21%        N/A       1%          2
 Poisonous Vapours        Pois/Air       48%        N/A       1%          2
 Call Canine Familiar     Summ           33%        N/A       1%          3
 Ignite Poison            Fire/Tmut/Pois 26%        N/A       1%          3
 Vampiric Draining        Necr           38%        2d8       1%          3
 Dispel Undead            Necr           38%        3d16      1%          4
 Static Discharge         Conj/Air       14%        N/A       2%          2
 Ensorcelled Hibernation  Hex/Ice        26%        N/A       3%          2
 Scorch                   Fire           16%        2d6       6%          2
 Airstrike                Air            10%        N/A       9%          4
 Conjure Flame            Conj/Fire      8%         6-21      13%         3
 Dazzling Flash           Conj/Hex       16%        N/A       13%         3
 Gell's Gravitas          Tloc           8%         N/A       13%         3
 Portal Projectile        Hex/Tloc       16%        N/A       13%         3
 Teleport Other           Tloc           8%         N/A       13%         3
 Summon Forest            Summ/Tloc      10%        N/A       22%         5
 Flame Wave               Conj/Fire      8%         2d4       38%         4
 Iskenderun's Mystic Bla  Conj/Tloc      8%         2d4       38%         4
 Leda's Liquefaction      Hex/Erth       4%         N/A       38%         4
 Sticky Flame             Conj/Fire      8%         2d3       38%         4
 Lightning Bolt           Conj/Air       7%         1d19      45%         5
 Summon Hydra             Summ           16%        N/A       77%         7
 Dispersal                Tloc           4%         N/A       99%         6
 Starburst                Conj/Fire      4%         6d3       99%         6
 Maxwell's Capacitive Co  Air            10%        ∞         100%        8
 Swiftness                Air            Unusable   N/A       N/A         3

Dungeon Overview and Level Annotations

Branches:
Dungeon (13/15)            Temple (1/1) D:4            Lair (6/6) D:10
 Shoals (4/4) Lair:2       Spider (1/4) Lair:2        Slime (0/5) Lair:5
    Orc (2/2) D:10            Elf (0/3) Orc:2        Vaults (0/5) D:13
 Bailey (visited)         Gauntlet (visited)

Altars:
Ashenzari
Cheibriados
Dithmenos
Elyvilon
Fedhas
Gozag
Hepliaklqana
Kikubaaqudgha
Makhleb
Nemelex Xobeh
Okawaru
Qazlal
Ru
Sif Muna
Trog
Uskayaw
Vehumet
Wu Jian
Xom
Yredelemnul
Zin
The Shining One
Beogh
Jiyva

Shops:
Orc:1 ?   Orc:2 *==(   Shoals:2 [

Annotations:
Spider:1 makewrite's ghost, journeyman MiMo


Innate Abilities, Weirdness & Mutations

You cannot be hasted, slowed, berserked, paralysed or teleported.
You can dig through walls and to a lower floor.
You have a pair of large antennae on your head. (SInv)
You cannot train Armour skill.
You are unskilled. (-2 Apt)
You are somewhat inexperienced. (-2 XL)
Your four strong arms can wield two-handed weapons with a shield.
You possess an exceptional clarity of mind.
Your mind is acute. (Int +2)
You are clumsy. (Dex -2)
You occasionally shout uncontrollably at your foes.


Message History

Lightning courses through the spectral ghost moth!
You feel a bit better.
You destroy the spectral ghost moth!
Your Air Magic skill increases to level 4!
You hit the hornet simulacrum.
The hornet simulacrum vaporises!
You feel a bit better.
Your magical contamination has completely faded away.
You buffet the spectral orb spider!
The spectral orb spider is moderately damaged.
The spectral orb spider is engulfed in freezing vapours.
The spectral orb spider misses you.
You batter the spectral orb spider!!
You feel a bit better.
You destroy the spectral orb spider!
You buffet makewrite's ghost!
Makewrite's ghost hits you!
You focus your inner power and blind makewrite's ghost in retribution!
You barely miss makewrite's ghost.
Makewrite's ghost is lightly damaged.
You batter the wolf spider simulacrum!! The wolf spider simulacrum hits you.
The wolf spider simulacrum freezes you!!
The wolf spider simulacrum bites you.
The wolf spider simulacrum freezes you!!
* * * LOW HITPOINT WARNING * * *
Activating: Apocalypse
Press: ? - help, Dir - look around, f - activate You reveal the great annihilating truth to your foes!
The wolf spider simulacrum vaporises!
You feel a bit better.
The redback simulacrum vaporises!
You destroy the spectral redback!
You feel drained. Makewrite's ghost hits you!!
* * * LOW HITPOINT WARNING * * *
The spectral wolf spider is engulfed in freezing vapours.
You feel better.
Your transformation has ended.
Your +0 cloak unmelds from your body.
The +3 Mad Mage's Maulers {Infuse+∞ RegenMP Int-3} unmelds from your body.
Your +2 pair of boots unmelds from your body.
Your +0 troll leather armour unmelds from your body.
You feel an incredible surge of magic. Makewrite's ghost hits you!!
You die...

..##.$#.#(.#......#...#.^.#######
...##.$?!.##......#...#..##.#...#
#..#.......#...####...#........##
#####.....##...^.#..#.#.#..>^.##.
#.....ZZ#.#..##..#####........
###'''###.#...#...#.....#.....
#...........☼.##..#.....#..(^#
#......Z.Z°#ZW.#..#..#..#.#...
#........#.#.@######....######
#######..###### #..### ##...##
#### #.....# #....## ##...# #####


You could see a spectral wolf spider and makewrite's ghost (blind).

Vanquished Creatures
  Gastronok (Lair:3)
  Polyphemus (Shoals:3)
  Ilsuiw (Shoals:3)
  An orc warlord (Orc:2)
  A minotaur (Gauntlet)
  Snorg (D:10)
  A green death (Gauntlet)
  6 merfolk javelineers
  3 merfolk impalers (Shoals:4)
  The ghost of Una Erem the Carver, a journeyman OpTm of Ru (Lair:5)
  Josephine (Lair:6)
  4 vault guards (D:13)
  An ice dragon (Lair:6)
  6 hydras
  13 nameless horrors
  2 boulder beetles
  5 centaur warriors
  6 merfolk avatars
  An alligator (Lair:5)
  2 alligator snapping turtles (Shoals:4)
  8 two-headed ogres
  6 orc high priests (Orc:2)
  12 death yaks
  6 sea snakes
  A spectral ghost moth (Spider:1)
  A wizard (D:13)
  Pikel (D:5)
  13 harpies
  2 lindwurms (Lair:6)
  3 wolf spiders (Spider:1)
  2 orc knights (Orc:1)
  9 cyclopes
  An orc sorcerer (Orc:1)
  An orb spider (Spider:1)
  A deep elf zephyrmancer (D:11)
  9 slime creatures
  9 fauns
  8 manticores
  6 merfolk sirens
  An eye of devastation (Gauntlet)
  8 black mambas
  2 gargoyles
  An orange demon (Gauntlet)
  6 torpor snails
  20 cane toads
  2 water nymphs (Shoals:4)
  An efreet (D:13)
  3 unseen horrors
  A spectral redback (Spider:1)
  A kobold demonologist (D:12)
  4 rime drakes
  A demonic crawler (Spider:1)
  12 komodo dragons
  5 trolls
  A meliai (D:13)
  18 merfolk
  6 hornets (Lair:6)
  2 tyrant leeches (Lair:6)
  7 wind drakes
  4 jumping spiders (Spider:1)
  3 dream sheep
  A wolf spider simulacrum (Spider:1)
  30 blink frogs
  6 large abominations
  A meliai zombie (D:10)
  7 snapping turtles
  5 redbacks
  2 tarantellas (Spider:1)
  43 yaks
  A shadow (D:10)
  5 wyverns
  5 wraiths
  2 hogs (D:13)
  2 water elementals
  Grum (D:8)
  3 steam dragons
  A redback simulacrum (Spider:1)
  5 vampire mosquitoes (D:13)
  4 basilisks
  A spectral orb spider (Spider:1)
  5 wargs
  Edmund (D:6)
  4 acid dragons
  12 water moccasins
  A floating eye (Gauntlet)
  A black bear (Lair:2)
  19 orc warriors
  3 sky beasts
  2 hornet zombies (D:8)
  6 wolves
  12 ogres
  8 centaurs
  3 lemures
  4 kobold brigands (D:12)
  16 bullfrogs
  9 gnoll sergeants
  4 scorpions
  A hornet simulacrum (Spider:1)
  A water moccasin skeleton (D:6)
  6 killer bees (D:11)
  8 wights
  3 howler monkeys
  5 centaur zombies
  A jelly (D:7)
  8 small abominations
  3 bullfrog skeletons
  4 gnoll shamans
  34 orc priests
  6 hounds
  12 iguanas
  Ijyb (D:5)
  19 orc wizards
  A hell rat (D:10)
  5 killer bee zombies
  40 gnolls
  A howler monkey skeleton (D:7)
  2 adders
  3 river rats (D:10)
  3 white imps
  3 ufetubi
  An adder skeleton (D:5)
  3 worms
  A dart slug (D:1)
  77 orcs
  2 ball pythons
  5 endoplasms
  A giant cockroach (D:1)
  6 goblins
  10 hobgoblins
  3 jackals (D:2)
  7 quokkas
  7 bats
  A frilled lizard (D:1)
  10 kobolds
  5 rats
810 creatures vanquished.

Vanquished Creatures (collateral kills)
  Mlioglotl (Shoals:1)
  Kirke (D:13)
  A merfolk javelineer (Shoals:4)
  A merfolk impaler (Shoals:3)
  An ettin (Orc:2)
  A fire dragon (Lair:6)
  An alligator snapping turtle (Shoals:4)
  A catoblepas (Shoals:3)
  A merfolk avatar (Shoals:4)
  A centaur warrior (D:13)
  4 death yaks
  An orc high priest (Orc:2)
  2 sea snakes
  A swamp dragon (Lair:6)
  A lindwurm (Lair:6)
  7 harpies
  2 orb spiders (Spider:1)
  A wolf spider (Spider:1)
  3 manticores
  4 fauns
  An elephant (Lair:5)
  A merfolk siren (Shoals:3)
  A water nymph (Shoals:4)
  2 cane toads (Lair:5)
  2 jumping spiders (Spider:1)
  3 wind drakes
  2 hornets (Lair:6)
  2 meliai (D:13)
  3 snapping turtles
  2 merfolk
  A slime creature (D:13)
  14 blink frogs
  A tyrant leech (Lair:6)
  2 dream sheep
  3 redbacks (Spider:1)
  9 yaks
  2 water elementals (Shoals:4)
  3 hogs (D:13)
  2 tarantellas (Spider:1)
  A basilisk (Lair:6)
  2 small abominations (Gauntlet)
  A vampire mosquito (D:13)
  2 orc warriors
  A wolf (Lair:5)
  A gnoll sergeant (Bailey)
  A scorpion (Lair:1)
  4 orc priests
  3 gnoll shamans (Bailey)
  2 orc wizards (Orc:1)
  An iguana (Lair:6)
  10 orcs
121 creatures vanquished.

Vanquished Creatures (others)
  A merfolk javelineer (Shoals:4)
  3 merfolk impalers (Shoals:4)
  A hydra (Lair:6)
  Sonja (Lair:6)
  A sea snake (Shoals:4)
  A harpy (Shoals:4)
  2 orb spiders (Spider:1)
  A manticore (Shoals:4)
  2 wolf spiders (Spider:1)
  A faun (Shoals:2)
  A jumping spider (Spider:1)
  10 merfolk
  A blink frog (Lair:6)
  3 dream sheep
  2 snapping turtles (Shoals:4)
  6 redbacks (Spider:1)
  3 yaks
  An orc warrior (Orc:2)
  A jumping spider simulacrum (Spider:1)
  5 wolves (Lair:6)
  3 orc priests (Orc:1)
  2 orc wizards (Orc:1)
  6 orcs
  3 demonic plants (Gauntlet)
  56 fungi
  192 plants
309 creatures vanquished.

Grand Total: 1240 creatures vanquished

Notes
Turn   | Place    | Note
-------+----------+-------------------------------------------
     0 | D:1      | Lavandula the Formicid Transmuter began the quest for the
                  | Orb.
     0 | D:1      | Reached XP level 1. HP: 15/15 MP: 3/3
    71 | D:1      | Reached XP level 2. HP: 18/21 MP: 5/5
   436 | D:1      | Reached skill level 1 in Poison Magic
   436 | D:1      | Reached XP level 3. HP: 13/26 MP: 6/6
   647 | D:1      | Found a stormy altar of Qazlal.
   677 | D:1      | Learned a level 2 spell: Wereblood
   681 | D:1      | Learned a level 3 spell: Spider Form
  1123 | D:1      | Found a faded altar of an unknown god.
  1526 | D:2      | Reached XP level 4. HP: 28/32 MP: 1/7
  1711 | D:2      | Gained mutation: You possess an exceptional clarity of
                  | mind. [potion of mutation]
  1711 | D:2      | Gained mutation: You are clumsy. (Dex -2) [potion of
                  | mutation]
  1711 | D:2      | Gained mutation: Your mind is acute. (Int +2) [potion of
                  | mutation]
  1835 | D:2      | Reached XP level 5. HP: 34/37 MP: 8/8
  2787 | D:3      | Found an opulent altar of Gozag.
  2859 | D:3      | Found a glowing silver altar of Zin.
  3070 | D:4      | Noticed a bullfrog
  3273 | D:4      | Reached XP level 6. HP: 25/43 MP: 5/9
  3303 | D:3      | Reached skill level 5 in Transmutations
  3469 | D:4      | Learned a level 4 spell: Ice Form
  3493 | D:4      | Reached skill level 1 in Ice Magic
  3581 | D:4      | Reached XP level 7. HP: 45/48 MP: 4/11
  3680 | D:4      | Found a staircase to the Ecumenical Temple.
  3689 | Temple   | Entered the Ecumenical Temple
  3772 | Temple   | Became a worshipper of Ru the Awakened
  3981 | D:4      | Found a glowing golden altar of the Shining One.
  4153 | D:5      | Entered Level 5 of the Dungeon
  4153 | D:5      | Noticed Pikel
  4153 | D:5      | Noticed Ijyb
  4285 | D:5      | Reached skill level 4 in Unarmed Combat
  4314 | D:5      | Reached skill level 5 in Unarmed Combat
  4314 | D:5      | Reached XP level 8. HP: 42/54 MP: 9/12
  4325 | D:5      | Killed Ijyb
  4342 | D:5      | Reached skill level 6 in Unarmed Combat
  5408 | D:5      | Killed Pikel
  5409 | D:5      | Reached XP level 9. HP: 58/59 MP: 8/13
  5740 | D:6      | Reached skill level 7 in Unarmed Combat
  6200 | D:6      | Reached skill level 8 in Unarmed Combat
  6598 | D:6      | Noticed Edmund
  6612 | D:6      | Killed Edmund
  6682 | D:6      | Reached skill level 9 in Unarmed Combat
  7295 | D:7      | Reached XP level 10. HP: 64/64 MP: 9/14
  7362 | D:7      | Reached skill level 1 in Evocations
  7688 | D:7      | Found a burning altar of Makhleb.
  7688 | D:7      | Noticed a balrug
  7704 | D:7      | Found an ornate altar of the Wu Jian Council.
  8560 | D:8      | Noticed Grum
  8580 | D:8      | Reached skill level 5 in Evocations
  8580 | D:8      | Reached skill level 1 in Armour
  8582 | D:8      | Killed Grum
  9435 | D:9      | Reached skill level 5 in Armour
  9566 | D:9      | Noticed a two-headed ogre
  9579 | D:9      | Killed a two-headed ogre
  9760 | D:9      | Found a basalt altar of Yredelemnul.
 10544 | D:10     | Entered Level 10 of the Dungeon
 10546 | D:10     | Noticed a two-headed ogre
 10552 | D:10     | Reached skill level 5 in Dodging
 10648 | D:10     | Reached XP level 11. HP: 61/75 MP: 11/15
 10875 | D:10     | Found a staircase to the Orcish Mines.
 10910 | D:10     | Reached skill level 5 in Fighting
 10935 | D:10     | Killed a two-headed ogre
 11212 | D:10     | Learned a level 6 spell: Death Channel
 11220 | D:10     | Identified the ring of Divine Compulsion {rF- rCorr AC+4
                  | Dex+8}
 11304 | D:10     | Noticed a boulder beetle
 11319 | D:10     | Killed a boulder beetle
 11436 | D:10     | Noticed a death yak
 11437 | D:10     | Noticed a death yak
 11440 | D:10     | Noticed Snorg
 11443 | D:10     | Noticed a death yak
 11446 | D:10     | Killed a death yak
 11604 | D:11     | Noticed a boulder beetle
 11617 | D:11     | Killed a boulder beetle
 11618 | D:11     | Reached skill level 5 in Necromancy
 12200 | D:11     | Noticed a cyclops
 12254 | D:11     | Killed a cyclops
 12379 | D:11     | Noticed a deep elf zephyrmancer
 12392 | D:11     | Killed a deep elf zephyrmancer
 12523 | D:11     | Noticed a two-headed ogre
 12545 | D:11     | Killed a two-headed ogre
 12546 | D:11     | Reached XP level 12. HP: 71/91 MP: 16/16
 12630 | D:11     | Noticed a two-headed ogre
 12640 | D:11     | Killed a two-headed ogre
 13021 | D:11     | Noticed a two-headed ogre
 13118 | D:11     | Killed a two-headed ogre
 13460 | D:12     | Noticed a two-headed ogre
 13480 | D:12     | Killed a two-headed ogre
 13481 | D:12     | Reached skill level 10 in Necromancy
 14290 | D:12     | Gained mutation: You are somewhat unskilled. (-1 Apt) [Ru
                  | sacrifice]
 14290 | D:12     | Reduced skill Unarmed Combat to level 8
 14290 | D:12     | Reduced skill Necromancy to level 10
 14290 | D:12     | Reached * piety under Ru
 14590 | D:12     | Noticed a centaur warrior
 14601 | D:12     | Killed a centaur warrior
 14911 | D:10     | Killed Snorg
 14992 | D:10     | Found a staircase to the Lair.
 15004 | D:10     | Killed a death yak
 15005 | D:10     | Reached XP level 13. HP: 94/94 MP: 7/20
 15016 | D:10     | Reached skill level 5 in Spellcasting
 15100 | Lair:1   | Entered Level 1 of the Lair of Beasts
 15395 | Lair:1   | Reached skill level 9 in Unarmed Combat
 15483 | Lair:1   | Noticed a seven-headed hydra
 15491 | Lair:1   | Killed a seven-headed hydra
 15770 | Lair:1   | Reached skill level 10 in Unarmed Combat
 16123 | Lair:1   | Gained mutation: You are unskilled. (-2 Apt) [Ru sacrifice]
 16123 | Lair:1   | Reduced skill Unarmed Combat to level 9
 16123 | Lair:1   | Reached ** piety under Ru
 16123 | Lair:1   | Reached *** piety under Ru
 16651 | Lair:2   | Reached skill level 10 in Unarmed Combat
 17685 | Lair:2   | Found a hole to the Spider Nest.
 17690 | Lair:2   | Noticed an eight-headed hydra
 17723 | Lair:2   | Killed an eight-headed hydra
 18176 | Lair:2   | Identified the +1 pair of gloves "Sacifraa" {+Inv rN+
                  | Regen+ Dex-5}
 18260 | Lair:2   | Found a staircase to the Shoals.
 18452 | Lair:3   | Reached skill level 11 in Unarmed Combat
 18470 | Lair:3   | Gained mutation: You cannot train Armour skill. [Ru
                  | sacrifice]
 18470 | Lair:3   | Reached **** piety under Ru
 19047 | Lair:3   | Reached XP level 14. HP: 100/100 MP: 18/22
 19143 | Lair:3   | Learned a level 6 spell: Summon Cactus Giant
 19201 | Lair:3   | Reached skill level 1 in Summonings
 19497 | Lair:3   | Noticed Gastronok
 19537 | Lair:3   | Killed Gastronok
 19884 | Lair:4   | Reached skill level 5 in Summonings
 21559 | Lair:5   | Reached XP level 15. HP: 83/99 MP: 24/24
 21775 | Lair:5   | Found a runed translucent gate.
 21775 | Lair:5   | Found a runed translucent gate.
 21775 | Lair:5   | Found a runed translucent gate.
 21777 | Lair:5   | Noticed Una Erem's ghost (journeyman OpTm)
 21816 | Lair:5   | Killed Una Erem's ghost
 21828 | Lair:5   | Identified the +6 dagger "Aubergine" {flame, rF+ rCorr
                  | Int+4}
 21838 | Lair:5   | Learned a level 6 spell: Eringya's Noxious Bog
 21969 | Lair:5   | Found a viscous altar of Jiyva.
 21969 | Lair:5   | Found a staircase to the Slime Pits.
 22366 | Lair:6   | Entered Level 6 of the Lair of Beasts
 22434 | Lair:5   | Gained mutation: You occasionally shout uncontrollably at
                  | your foes. [mutagenic glow]
 22584 | Lair:6   | Reached skill level 5 in Poison Magic
 22924 | Lair:6   | Noticed Sonja
 22938 | Lair:6   | Killed Sonja
 22961 | Lair:6   | Noticed Josephine
 22967 | Lair:6   | Killed Josephine
 23219 | Lair:6   | Found a runed translucent door.
 24606 | Orc:1    | Entered Level 1 of the Orcish Mines
 24676 | Orc:1    | Found Nurim's Magic Scroll Emporium.
 24682 | Orc:1    | Bought a scroll of magic mapping for 56 gold pieces
 24682 | Orc:1    | Bought a scroll of summoning for 152 gold pieces
 24682 | Orc:1    | Bought a scroll of amnesia for 56 gold pieces
 24702 | Orc:1    | Found a flagged portal.
 24717 | Bailey   | Entered a bailey
 24859 | Bailey   | Identified the ring "Cemennul" {MP+9 Dex+4 SInv}
 24980 | Bailey   | Reached skill level 10 in Transmutations
 25912 | Orc:2    | Entered Level 2 of the Orcish Mines
 26162 | Orc:2    | Reached XP level 16. HP: 67/109 MP: 13/27
 26193 | Orc:2    | Gained mutation: You are somewhat inexperienced. (-2 XL)
                  | [Ru sacrifice]
 26193 | Orc:2    | Reached XP level 15. HP: 28/91 MP: 18/26
 26193 | Orc:2    | Reached XP level 14. HP: 28/86 MP: 18/25
 26193 | Orc:2    | Reached ***** piety under Ru
 26470 | Orc:2    | Reached skill level 12 in Unarmed Combat
 26608 | Orc:2    | Found Rano Qeth's Assorted Antiques.
 26608 | Orc:2    | Found Hoomaj's Jewellery Shop.
 26656 | Orc:2    | Bought a scroll labelled CEQUVI KAUD for 27 gold pieces
 26656 | Orc:2    | Bought an iron wand for 108 gold pieces
 26689 | Orc:2    | Found Maukk's Jewellery Emporium.
 26689 | Orc:2    | Found Xethipot's Weapon Shop.
 27062 | Orc:2    | Found a staircase to the Elven Halls.
 27533 | Orc:2    | Bought the amulet of Vitality {Regen+ HP+15} for 1106 gold
                  | pieces
 27533 | Orc:2    | Found the amulet of Vitality {Regen+ HP+15}
 28047 | D:13     | Noticed Kirke
 28059 | D:13     | Killed Kirke
 28060 | D:13     | Reached skill level 13 in Unarmed Combat
 28066 | D:13     | Found a gate leading to a gauntlet.
 28071 | Gauntlet | Entered a Gauntlet
 28071 | Gauntlet | Found a transporter.
 28071 | Gauntlet | Found a transporter.
 28079 | Gauntlet | Found a transporter.
 28083 | Gauntlet | Found a transporter.
 28090 | Gauntlet | Found the +3 Mad Mage's Maulers {Infuse+∞ RegenMP Int-3}
 28091 | Gauntlet | Found a transporter.
 28095 | Gauntlet | Found a transporter.
 28108 | Gauntlet | Found a transporter.
 28119 | Gauntlet | Found a transporter.
 28133 | Gauntlet | Found a transporter.
 28137 | Gauntlet | Found a transporter.
 28145 | Gauntlet | Found a transporter.
 28149 | Gauntlet | Found a transporter.
 28364 | Gauntlet | Identified a scroll of acquirement
 28401 | D:13     | Acquired 900 gold pieces
 28893 | D:13     | Found a gate to the Vaults.
 29103 | D:13     | Reached skill level 14 in Unarmed Combat
 29378 | Shoals:1 | Entered Level 1 of the Shoals
 29378 | Shoals:1 | Noticed Mlioglotl
 29382 | Shoals:1 | Noticed a lich
 29390 | Shoals:1 | Killed Mlioglotl
 29586 | Shoals:1 | Reached XP level 15. HP: 88/104 MP: 9/26
 30390 | Shoals:2 | Reached skill level 15 in Unarmed Combat
 30656 | Shoals:2 | Found Hadad-Baal's Dragon-Slaying Spoils.
 31233 | Shoals:3 | Noticed Polyphemus
 31253 | Shoals:3 | Killed Polyphemus
 31339 | Shoals:3 | Noticed Ilsuiw
 31356 | Shoals:3 | Killed Ilsuiw
 31729 | Shoals:3 | Reached skill level 16 in Unarmed Combat
 31830 | Shoals:4 | Entered Level 4 of the Shoals
 32065 | Shoals:4 | Got the Disquisition on the Birds
 32957 | Shoals:4 | Reached XP level 16. HP: 111/111 MP: 11/29
 33001 | Shoals:4 | Reached skill level 10 in Spellcasting
 33071 | Shoals:3 | Learned a level 7 spell: Storm Form
 33235 | Shoals:4 | Reached skill level 1 in Air Magic
 33542 | Shoals:4 | Got a barnacled rune of Zot
 33970 | Spider:1 | Entered Level 1 of the Spider Nest
 34597 | Spider:1 | Found a runed translucent gate.
 34598 | Spider:1 | Found a runed translucent gate.
 34599 | Spider:1 | Found a runed translucent gate.
 34600 | Spider:1 | Noticed makewrite's ghost (journeyman MiMo)
 34834 | Spider:1 | HP: 2/98 [makewrite's ghost (28)]
 34835 | Spider:1 | Mangled by makewrite's ghost

Illustrated notes

Levels and vault maps discovered:
D:1:      roderic_dead_forest, layout_rooms,
          shapermc_ecumenical_altar_mp_urbaneastern, kennysheep_flooded_box,
          minmay_misc_feat_room, interstate_on_off,
          ebering_dispersal_statue_hall, amcnicky_mini_pool_small,
          minmay_tetromino_o2
D:2:      layout_basic
D:3:      layout_rooms, general_overflow_altar,
          mainiacjoe_overflow_six_doors_small, kennysheep_path_1
D:4:      layout_rooms, mainiacjoe_overflow_surrounded_room,
          minmay_temple_entry_trees
D:5:      minmay_recursive_quarters, layout_cave_pools, uniq_pikel, uniq_ijyb
D:6:      layout_loops_ring, chequers_decorated_corner, uniq_edmund
D:7:      layout_loops_cross, lemuel_tele_altar, makhleb_altar_promises_db,
          serial_rivers, chequers_serial_rivers_micro_e,
          chequers_serial_rivers_marsh, chequers_serial_rivers_micro_e,
          chequers_serial_rivers_micro_e
D:8:      layout_cave_pods, uniq_grum
D:9:      layout_grid_maze, kennysheep_mini, eino_tiny_chamber
D:10:     layout_rooms, dpeg_lair_monsters, orc_0_dummy, palyth_stone_intersect,
          uniq_snorg
D:11:     layout_loops_ring, serial_co_window_serial, co_window_paths_a,
          co_window_paths_a, co_window_paths_a, co_window_paths_b,
          co_window_corner_a, co_window_unsneaky_path_d, co_window_2corner,
          co_window_of_opportunity_b, co_window_paths_c,
          co_window_unsneaky_path_d, co_window_paths_c, co_window_sun,
          co_window_paths_e, glass_columns_a, hangedman_stone_soup
D:12:     layout_layer_cave
D:13:     layout_gridville, lightli_vaults_fourway_checkpoint,
          gauntlet_entry_generic, laboratory, uniq_kirke
Temple:   nicolae_temple_elliptical
Lair:1:   layout_cave_pods, grunt_megastairs_5
Lair:2:   layout_layer_cave, minmay_shoals_entry_hut, spider_nest_entry_webs
Lair:3:   layout_chaotic_city, uniq_gastronok
Lair:4:   layout_cave_shapes, serial_bayou_shore_b, lemuel_fruit_tree,
          serial_bayou_shore_b, grunt_megastairs_2
Lair:5:   layout_hall_layers, slime_altar_1, gammafunk_ghost_split,
          infiniplex_staircase_pool_2
Lair:6:   wormcave, layout_loops_ring, guppyfry_lair_end_dragon,
          serial_bayou_shore_a, grunt_megastairs_3, uniq_josephine, uniq_sonja
Shoals:1: layout_shoals, uniq_mlioglotl
Shoals:2: layout_shoals, nicolae_shop_dragon_depot
Shoals:3: layout_shoals, uniq_ilsuiw, uniq_polyphemus
Shoals:4: shoals_end_hangedman, layout_shoals
Spider:1: layout_spider_delve, gammafunk_ghost_necromancy
Orc:1:    layout_caves, enter_bailey_4, serial_shops, shop, mines1_david
Orc:2:    st_orc_town, layout_caves

Skill      XL: |  1  2  3  4  5  6  7  8  9 10 11 12 13 14 15 16 |
---------------+-------------------------------------------------+-----
Poison Magic   | 1 3 4 3 6 |  6.0
Transmutations | 3 4 5 8 7 6 11 10 | 11.2
Spellcasting   | 3 4 5 6 9 10 | 10.0
Ice Magic      | 2 4 3 |  3.2
Unarmed Combat | 5 6 9 8 11 14 16 | 16.0
Evocations     | 5 4 |  4.1
Armour         | 5 4 0 |  0.0
Dodging        | 5 4 |  4.3
Fighting       | 3 7 6 |  6.2
Necromancy     | 7 10 9 |  9.4
Summonings     | 8 |  8.0
Air Magic      | 4 |  4.1

Action                   |  1- 3 |  4- 6 |  7- 9 | 10-12 | 13-15 | 16-18 || total
-------------------------+-------+-------+-------+-------+-------+-------++-------
Melee: Unarmed           |    31 |    70 |   166 |   367 |  1578 |   104 ||  2316
       Short sword       |    55 |    22 |     2 |    27 |     6 |       ||   112
       Kick              |    11 |       |       |       |       |       ||    11
       Punch             |     3 |       |     1 |     1 |       |     4 ||     9
Throw: Dart              |       |       |       |     7 |       |       ||     7
 Cast: Beastly Appendage |    10 |     3 |       |     4 |       |       ||    17
       Wereblood         |     2 |     3 |    10 |    13 |    52 |     4 ||    84
       Spider Form       |     1 |    13 |     9 |     8 |     1 |     1 ||    33
       Ice Form          |       |       |    18 |    40 |   146 |    13 ||   217
       Death Channel     |       |       |       |     1 |    68 |     9 ||    78
       Summon Cactus Gia |       |       |       |       |    27 |     4 ||    31
       Eringya's Noxious |       |       |       |       |    16 |     5 ||    21
       Storm Form        |       |       |       |       |       |     1 ||     1
Invok: Reject Sacrifices |       |       |     1 |     1 |     1 |       ||     3
       Sacrifice Skill   |       |       |       |     1 |     1 |       ||     2
       Draw Out Power    |       |       |       |       |    33 |     5 ||    38
       Sacrifice Durabil |       |       |       |       |     1 |       ||     1
       Apocalypse        |       |       |       |       |     1 |     3 ||     4
       Sacrifice Experie |       |       |       |       |     1 |       ||     1
 Abil: Dig               |       |       |     2 |     7 |     7 |     2 ||    18
       End Transformatio |       |       |       |     3 |     5 |     3 ||    11
Evoke: Wand              |       |       |       |    12 |    13 |     3 ||    28
       Condenser vane    |       |       |       |     2 |     5 |     1 ||     8
       Tin of tremorston |       |       |       |       |     3 |       ||     3
       Phantom mirror    |       |       |       |       |     1 |       ||     1
  Use: Scroll            |       |     6 |     4 |     2 |    17 |     2 ||    31
       Potion            |       |     1 |     2 |     1 |    13 |     2 ||    19
 Stab: Sleeping          |     1 |       |       |       |       |       ||     1
       Paralysed         |       |       |       |    20 |    10 |     6 ||    36
       Invisible         |       |       |       |       |    16 |       ||    16
       Distracted        |       |       |       |       |     8 |       ||     8
Armor: Robe              |    11 |    11 |     1 |     3 |       |       ||    26
       Skin              |       |     6 |    27 |   141 |   433 |    52 ||   659
       Troll leather arm |       |       |       |    10 |    13 |     5 ||    28
Dodge: Dodged            |    55 |    76 |    84 |   198 |   520 |    75 ||  1008

Table legend: (Time is in decaauts)
 A = Elapsed time spent in this place.
 B = Non-inter-level travel time spent in this place.
 C = Inter-level travel time spent in this place.
 D = Time resting spent in this place.
 E = Time spent auto-exploring this place.
 F = Levels seen in this place.
 G = Mean time per level.
                   A        B        C        D        E       F      G
               +--------+--------+--------+--------+--------+-----+--------+
         Total |  34611 |  33069 |   1542 |   1834 |  23891 |  29 | 1193.5 |
       Dungeon |  16465 |  15625 |    840 |    812 |  12045 |  13 | 1266.5 |
        Temple |    140 |    118 |     22 |      0 |     99 |   1 |  140.0 |
          Lair |   9515 |   9092 |    423 |    148 |   7161 |   6 | 1585.8 |
        Shoals |   4557 |   4424 |    133 |    735 |   2222 |   4 | 1139.2 |
   Spider Nest |    844 |    844 |      0 |     30 |    646 |   1 |  844.0 |
  Orcish Mines |   2394 |   2272 |    122 |     10 |   1512 |   2 | 1197.0 |
        Bailey |    404 |    404 |      0 |     24 |    204 |   1 |  404.0 |
      Gauntlet |    289 |    289 |      0 |     74 |      0 |   1 |  289.0 |
               +--------+--------+--------+--------+--------+-----+--------+

Top non-repeatable levels by time:
  Lair:6: 2065 daAuts
  Lair:2: 2020 daAuts
    D:11: 1898 daAuts
Shoals:4: 1786 daAuts
    D:12: 1606 daAuts
  Lair:1: 1471 daAuts
   Orc:2: 1470 daAuts
  Lair:5: 1417 daAuts
     D:6: 1398 daAuts
     D:8: 1387 daAuts
  Lair:3: 1309 daAuts
     D:1: 1254 daAuts
    D:10: 1253 daAuts
     D:9: 1240 daAuts
  Lair:4: 1230 daAuts
